 Dungeon Crawl Stone Soup version 0.29-a0-321-gf1c400731a (webtiles) character file.

Game seed: 6187373400558825653

23725 jmlagarto the Cleaver (level 12, -1/110 HPs)
             Began as a Minotaur Berserker on Apr 3, 2022.
             Was a High Priest of Trog.
             Slain by a nine-headed hydra (8 damage)
             ... on level 3 of the Lair of Beasts.
             The game lasted 00:30:28 (17841 turns).

jmlagarto the Cleaver (Minotaur Berserker)         Turns: 17841, Time: 00:30:28

Health: -1/110     AC: 18    Str: 27    XL:     12   Next: 74%
Magic:  11/11      EV: 10    Int:  7    God:    Trog [*****.]
Gold:   714        SH:  6    Dex: 10    Spells: 11/11 levels left

rFire   . . .      SeeInvis +   N - +4 morningstar
rCold   . . .      Faith    .   f - +0 buckler
rNeg    . . .      Spirit   .   g - +0 plate armour
rPois   +          Reflect  .   G - +2 hat {Int+3}
rElec   .          Harm     .   h - +0 cloak
rCorr   .          Rampage  .   (no gloves)
Will    ++...                   (no boots)
Stlth   ..........              (no amulet)
HPRegen 1.28/turn               q - ring of poison resistance
MPRegen 0.12/turn               w - ring of see invisible

@: strong-willed, regenerating
A: horns 2, retaliatory headbutt
a: Renounce Religion, Berserk, Trog's Hand, Brothers in Arms


You were on level 3 of the Lair of Beasts.
You worshipped Trog.
Trog was extremely pleased with you.
You visited 2 branches of the dungeon, and saw 13 of its levels.
You visited the Abyss 1 time.
You also visited: Ossuary.

You collected 714 gold pieces.

Inventory:

Hand Weapons
 H - a +2 vampiric war axe
 N - a +4 morningstar (weapon)
Missiles
 b - 12 boomerangs
 k - 32 poisoned darts (quivered)
 l - 3 silver boomerangs
 E - 2 curare-tipped darts
Armour
 f - a +0 buckler (worn)
 g - a +0 plate armour (worn)
 h - a +0 cloak (worn)
 G - a +2 hat of intelligence (worn)
Jewellery
 q - a ring of poison resistance (left hand)
 t - an amulet of magic regeneration
 w - a ring of see invisible (right hand)
Wands
 y - a wand of polymorph (10)
 z - a wand of acid (17)
 F - a wand of digging (6)
 L - a wand of iceblast (8)
 M - a wand of flame (2)
Scrolls
 e - 2 scrolls of fog
 m - 3 scrolls of teleportation
 n - 4 scrolls of enchant armour
 p - 5 scrolls of enchant weapon
 s - a scroll of fear
 u - 5 scrolls of immolation
 A - a scroll of blinking
 B - a scroll of summoning
 I - a scroll of holy word
 J - a scroll of identify
Potions
 a - 3 potions of invisibility
 c - 3 potions of attraction {unknown}
 d - 7 potions of lignification
 i - 2 potions of ambrosia
 j - 4 potions of degeneration {unknown}
 o - a potion of mutation {unknown}
 r - a potion of might
 v - 4 potions of curing
 x - a potion of cancellation {unknown}
 D - 3 potions of haste
Miscellaneous
 C - a condenser vane


   Skills:
 + Level 11.5 Fighting
 + Level 11.6 Axes
 + Level 11.3 Armour
 + Level 10.3 Dodging
 + Level 10.3 Shields
 + Level 7.4 Evocations


You had 11 spell levels left.
You didn't know any spells.
Your spell library was empty.

Dungeon Overview and Level Annotations

Branches:
Dungeon (9/15)             Temple (0/1) D:6            Lair (4/6) D:9
 Shoals (0/4) Lair:2          Orc (0/2) D:9         Ossuary (visited)
  Snake: Lair:2-4    Spider: Lair:2-4

Altars:
Ashenzari
Uskayaw
Vehumet

Shops:
D:1 ?   D:5 (   D:7 :

Annotations:
Lair:2 3 runed translucent doors, Dialam's ghost, journeyman OpFi


Innate Abilities, Weirdness & Mutations

You have a pair of horns on your head.
You reflexively headbutt those who attack you in melee.


Message History

You block the eight-headed hydra's attack.
The eight-headed hydra bites you but does no damage.
The eight-headed hydra barely misses you.
The eight-headed hydra bites you but does no damage. x2
You lop one of the eight-headed hydra's heads off!
The seven-headed hydra grows two more!
You slash the nine-headed hydra! You headbutt the nine-headed hydra.
The nine-headed hydra is lightly wounded.
The nine-headed hydra closely misses you.
The nine-headed hydra barely misses you.
The nine-headed hydra bites you! The nine-headed hydra bites you.
The nine-headed hydra bites you but does no damage.
The nine-headed hydra bites you.
You block the nine-headed hydra's attack.
The nine-headed hydra bites you but does no damage.
The nine-headed hydra bites you.
You feel the dreadful sensation subside.
N - a +4 morningstar (weapon)
You block the nine-headed hydra's attack.
The nine-headed hydra bites you. x2
The nine-headed hydra bites you but does no damage. x2
The nine-headed hydra completely misses you.
The nine-headed hydra bites you! x2
* * * LOW HITPOINT WARNING * * *
The nine-headed hydra bites you.
* * * LOW HITPOINT WARNING * * *
You climb upwards.
There is a stone staircase leading down here.
Okay, then.
Your skin crawls.
You feel strong-willed. The nine-headed hydra bites you.
* * * LOW HITPOINT WARNING * * *
The nine-headed hydra bites you but does no damage.
The nine-headed hydra bites you!
* * * LOW HITPOINT WARNING * * *
The nine-headed hydra bites you!
* * * LOW HITPOINT WARNING * * *
The nine-headed hydra bites you!
You die...

##.......## #........... #####
##...#....## ##......#....
.##.####..####....###.#.........#
.....#.#...............#...#.....
................####.#...........
................≈≈≈≈#..#.........
.......#........#≈≈≈##...........
.......#........#D≈≈.............
.....#.#........@......P.........
##..........................P....
♣#......>.....#.#.##....PPP......
.#................#≈...P≈≈P......
.#................###...≈≈P.....#
.#......................PPP.....#
♣#..........#...............#....
##..##...#.#.P........P....P.....
♣#P.#P..#......((........#..P....


You could see a nine-headed hydra.

Vanquished Creatures
  Gastronok (D:9)
  A catoblepas (Lair:2)
  3 death yaks (Lair:3)
  The ghost of Ajdolov the Grappler, a novice TrDe of Ru (D:9)
  A wizard (D:9)
  2 large abominations (Abyss:2)
  A wolf spider (Lair:1)
  An elephant (Lair:3)
  5 black mambas
  3 cane toads
  A smoke demon (Abyss:2)
  2 kobold demonologists (D:9)
  A rime drake (Lair:2)
  2 komodo dragons
  A tormentor (Abyss:2)
  A freezing wraith (D:9)
  A troll (D:9)
  2 polar bears
  A slime creature (D:9)
  A blink frog (Lair:3)
  A dream sheep (Lair:3)
  A wraith (Abyss:2)
  2 wyverns
  27 yaks
  Grum (D:9)
  4 steam dragons
  10 water moccasins
  3 orc warriors
  Duvessa (D:7)
  A sky beast (D:6)
  2 ice beasts
  2 ogres
  5 black bears
  13 wolves
  2 centaurs (D:8)
  A phantom (D:5)
  5 kobold brigands
  9 bullfrogs
  2 necrophages
  2 scorpions
  5 wights (D:7)
  Dowan (D:7)
  6 killer bees (D:8)
  An electric eel (Lair:2)
  5 howler monkeys
  3 jellies
  14 orc priests
  Crazy Yiuf (D:3)
  2 hounds (D:5)
  Jessica (D:3)
  Terence (D:3)
  15 orc wizards
  A mummy (Ossuary)
  4 gnolls (D:4)
  4 adders
  A white imp (D:5)
  An ufetubus (D:5)
  2 worms
  2 dart slugs
  56 orcs
  7 spectral bats (Ossuary)
  8 ball pythons
  6 bats
  5 endoplasms
  4 giant cockroaches
  9 goblins
  10 hobgoblins
  3 jackals (D:2)
  5 quokkas
  6 bat simulacra (Ossuary)
  5 frilled lizards
  12 gnoll zombies (Ossuary)
  6 goblin simulacra (Ossuary)
  6 goblin zombies (Ossuary)
  4 hobgoblin zombies (Ossuary)
  23 kobolds
  A kobold simulacrum (Ossuary)
  3 kobold zombies (Ossuary)
  5 orc zombies (Ossuary)
  4 rats
  4 rat simulacra (Ossuary)
  2 spectral goblins (Ossuary)
  4 spectral kobolds (Ossuary)
  A spectral rat (Ossuary)
  A bush (Lair:2)
396 creatures vanquished.

Vanquished Creatures (collateral kills)
  3 death yaks (Lair:3)
  A yak (Lair:3)
4 creatures vanquished.

Vanquished Creatures (others)
  2 bushes (Lair:2)
  5 fungi
  25 plants
32 creatures vanquished.

Grand Total: 432 creatures vanquished

Notes
Turn   | Place    | Note
-------+----------+-------------------------------------------
     0 | D:1      | jmlagarto the Minotaur Berserker began the quest for the
                  | Orb.
     0 | D:1      | Reached XP level 1. HP: 19/19 MP: 0/0
   157 | D:1      | Found Tihumowukh's Magic Scroll Shop.
   209 | D:1      | Reached XP level 2. HP: 27/27 MP: 1/1
   838 | D:2      | Reached XP level 3. HP: 32/33 MP: 2/2
   878 | D:2      | Reached ** piety under Trog
  1132 | D:2      | You fall into a shaft and drop 2 floors!
  1140 | D:4      | Noticed a necrophage
  1166 | D:4      | Killed a necrophage
  1167 | D:4      | Reached XP level 4. HP: 41/41 MP: 3/3
  1172 | D:4      | Reached XP level 5. HP: 47/47 MP: 4/4
  1330 | D:4      | Found a broken altar of Ashenzari.
  1516 | D:3      | Noticed Jessica
  1519 | D:3      | Killed Jessica
  1706 | D:2      | Reached skill level 5 in Axes
  1754 | D:2      | Found a faded altar of an unknown god.
  1990 | D:3      | Noticed Terence
  1995 | D:3      | Killed Terence
  1996 | D:3      | Reached skill level 5 in Fighting
  2092 | D:3      | Found a runed translucent door.
  2093 | D:3      | Noticed Crazy Yiuf
  2359 | D:3      | Reached XP level 6. HP: 30/56 MP: 5/5
  2653 | D:3      | Killed Crazy Yiuf
  2852 | D:4      | Reached skill level 1 in Shields
  3573 | D:4      | Noticed a water moccasin
  3582 | D:4      | Killed a water moccasin
  3583 | D:4      | Reached skill level 5 in Armour
  3583 | D:4      | Reached XP level 7. HP: 51/62 MP: 6/6
  3991 | D:5      | Entered Level 5 of the Dungeon
  4022 | D:5      | Found a sand-covered staircase.
  4211 | Ossuary  | Entered an ossuary
  4230 | Ossuary  | Reached *** piety under Trog
  4413 | Ossuary  | Reached skill level 5 in Dodging
  4563 | Ossuary  | Reached **** piety under Trog
  4767 | D:5      | Reached XP level 8. HP: 60/71 MP: 7/7
  5089 | D:5      | Reached skill level 1 in Evocations
  5170 | D:5      | Found Haex Pyeme's Weapon Shoppe.
  6527 | D:6      | Found a staircase to the Ecumenical Temple.
  8011 | D:7      | Reached XP level 9. HP: 79/79 MP: 8/8
  8134 | D:7      | Reached skill level 5 in Shields
  8673 | D:7      | Found Lylem's Self-Improvement Boutique.
  8823 | D:7      | Noticed Dowan
  8825 | D:7      | Noticed Duvessa
  8831 | D:7      | Killed Dowan
  8841 | D:7      | Killed Duvessa
  9454 | D:8      | Found a radiant altar of Vehumet.
  9493 | D:8      | Reached XP level 10. HP: 83/88 MP: 9/9
  9539 | D:8      | Reached ***** piety under Trog
 10197 | D:8      | Found a hide-covered altar of Uskayaw.
 10280 | D:9      | Noticed Grum
 10604 | D:9      | Killed Grum
 10936 | D:9      | Reached skill level 5 in Evocations
 11585 | D:9      | Found a large runed translucent door.
 11588 | D:9      | Found a large runed translucent door.
 11617 | D:9      | Noticed Ajdolov's ghost (novice TrDe)
 11660 | D:9      | Found a staircase to the Lair.
 11834 | D:9      | Noticed Gastronok
 11848 | D:9      | HP: 4/91 [Gastronok (23)]
 11856 | D:9      | Killed Gastronok
 11857 | D:9      | Reached XP level 11. HP: 19/97 MP: 10/10
 12453 | D:9      | Noticed a wizard
 12481 | D:9      | Cast into level 2 of the Abyss (a wizard)
 12573 | Abyss:2  | Noticed a large abomination
 12585 | Abyss:2  | Killed a large abomination
 12709 | Abyss:2  | Noticed a large abomination
 12723 | Abyss:2  | Killed a large abomination
 12742 | D:9      | Escaped the Abyss
 12749 | D:9      | Killed a wizard
 12860 | D:9      | Found a staircase to the Orcish Mines.
 13184 | D:9      | Killed Ajdolov's ghost
 13185 | D:9      | Reached skill level 10 in Axes
 13258 | Lair:1   | Entered Level 1 of the Lair of Beasts
 13288 | Lair:1   | Reached skill level 10 in Fighting
 13310 | Lair:1   | Found a dark tunnel.
 13714 | Lair:1   | Noticed a wolf spider
 13730 | Lair:1   | Killed a wolf spider
 13733 | Lair:1   | Reached skill level 10 in Armour
 14529 | Lair:2   | Found a staircase to the Shoals.
 14712 | Lair:2   | Found a runed translucent gate.
 14713 | Lair:2   | Found a runed translucent gate.
 14714 | Lair:2   | Found a runed translucent gate.
 14765 | Lair:2   | Noticed a catoblepas
 14800 | Lair:2   | Reached XP level 12. HP: 55/108 MP: 11/11
 14800 | Lair:2   | Killed a catoblepas
 15031 | Lair:2   | Noticed Dialam's ghost (journeyman OpFi)
 16536 | Lair:3   | Noticed a death yak
 16536 | Lair:3   | Noticed a seven-headed hydra
 16541 | Lair:3   | Noticed a six-headed hydra
 16556 | Lair:3   | Killed a death yak
 16804 | Lair:3   | Noticed a death yak
 16993 | Lair:3   | Noticed a death yak
 16994 | Lair:3   | Noticed a death yak
 16994 | Lair:3   | Noticed a death yak
 16995 | Lair:3   | Noticed a death yak
 17017 | Lair:3   | Killed a death yak
 17032 | Lair:3   | Killed a death yak
 17033 | Lair:3   | Reached skill level 10 in Dodging
 17042 | Lair:3   | Killed a death yak
 17045 | Lair:3   | Killed a death yak
 17046 | Lair:3   | Reached skill level 10 in Shields
 17047 | Lair:3   | Killed a death yak
 17629 | Lair:3   | Received a gift from Trog
 17822 | Lair:4   | Noticed a four-headed hydra
 17841 | Lair:3   | Slain by a nine-headed hydra

Illustrated notes

Levels and vault maps discovered:
D:1:      dreamdust_arrival_beginning_and_end, layout_basic, serial_shops,
          nicolae_diamond_shop
D:2:      layout_loops_ring, chequers_ecumenical_altar_simple
D:3:      cheibrodos_helix_gallery, layout_basic, grunt_decor_resistance,
          feat_on_display, uniq_terence, uniq_jessica, uniq_crazy_yiuf_cottage
D:4:      layout_basic, mainiacjoe_overflow_24_doors, serial_glass,
          glass_columns_a, glass_columns_a, kennysheep_generic_room_10
D:5:      layout_layer_cave, nicolae_ossuary_entry_false_entrances,
          serial_shops, shop_fountains, kennysheep_generic_room_7
D:6:      layout_loops_ring, minmay_temple_entry_sparse_star,
          minmay_misc_feat_plants
D:7:      layout_basic, nicolae_shop_self_help, uniq_duvessa
D:8:      layout_loops_ring, vehumet_crystals, mainiacjoe_overflow_alcove_4,
          grunt_ministairs_5
D:9:      layout_loops_ring, lair_entry_dummy, hiddenorc1_lemuel,
          ebering_ghost_disaster_area, kb_rosetta, uniq_grum, uniq_gastronok
Lair:1:   layout_concentric_octagons, enter_volcano_1,
          nicolae_lair_run_with_the_wolves
Lair:2:   layout_chaotic_city, shoals_dummy_entry, gammafunk_ghost_icy,
          minmay_hedge_maze, chequers_serial_rivers_large_b, st_stairs_5,
          gammafunk_lair_bear_cave
Lair:3:   nzn_winding_woodlands_small [nzn_winding_woodlands_5x15_zeroes,
          nzn_winding_woodlands_center_pierced_h,
          nzn_winding_woodlands_5x15_lazy_stream], layout_gridlike,
          bh_autumn_forest_stairs, lemuel_fruit_tree
Lair:4:   layout_gridlike, minmay_snake_entry_guardpost_small,
          ebering_ghost_rock_garden, infiniplex_staircase_pool

Skill      XL: |  1  2  3  4  5  6  7  8  9 10 11 12 |
---------------+-------------------------------------+-----
Axes           | 4 5 6 7 8 9 10 11 | 11.6
Fighting       | 4 5 6 7 8 9 10 11 | 11.5
Armour         | 3 4 5 6 7 9 10 11 | 11.3
Dodging        | 3 4 5 6 7 8 9 10 | 10.3
Shields        | 2 3 4 6 7 9 10 | 10.3
Evocations     | 2 4 5 6 7 |  7.4

Action                   |  1- 3 |  4- 6 |  7- 9 | 10-12 || total
-------------------------+-------+-------+-------+-------++-------
Melee: Hand axe          |    91 |   131 |   204 |       ||   426
       Headbutt          |     6 |    18 |    94 |   136 ||   254
       Punch             |     1 |       |       |       ||     1
       War axe           |       |       |   259 |   586 ||   845
       Morningstar       |       |       |       |    19 ||    19
Throw: Boomerang         |       |       |       |    30 ||    30
       Dart              |       |       |       |     2 ||     2
Invok: Berserk           |     1 |     1 |     4 |     9 ||    15
       Trog's Hand       |       |     1 |     2 |     6 ||     9
       Brothers in Arms  |       |       |       |     1 ||     1
Evoke: Wand              |       |       |       |     2 ||     2
  Use: Scroll            |       |     5 |     6 |    11 ||    22
       Potion            |       |       |       |     8 ||     8
 Stab: Petrified         |       |       |       |     8 ||     8
Armor: Animal skin       |     8 |       |       |       ||     8
       Plate armour      |    43 |    88 |   311 |   378 ||   820
Dodge: Dodged            |    45 |    44 |   156 |   285 ||   530
Block: Buckler           |       |     5 |   105 |   145 ||   255

Table legend: (Time is in decaauts)
 A = Elapsed time spent in this place.
 B = Non-inter-level travel time spent in this place.
 C = Inter-level travel time spent in this place.
 D = Time resting spent in this place.
 E = Time spent auto-exploring this place.
 F = Levels seen in this place.
 G = Mean time per level.
                   A        B        C        D        E       F      G
               +--------+--------+--------+--------+--------+-----+--------+
         Total |  18109 |  17636 |    473 |   2919 |  11999 |  15 | 1207.3 |
       Dungeon |  12721 |  12313 |    408 |   1777 |   8694 |   9 | 1413.4 |
          Lair |   4659 |   4595 |     64 |    978 |   3062 |   4 | 1164.8 |
         Abyss |    273 |    273 |      0 |    163 |      0 |   1 |  273.0 |
       Ossuary |    455 |    455 |      0 |      0 |    242 |   1 |  455.0 |
               +--------+--------+--------+--------+--------+-----+--------+

Top non-repeatable levels by time:
     D:9: 2260 daAuts
  Lair:3: 1964 daAuts
     D:7: 1957 daAuts
     D:8: 1622 daAuts
     D:5: 1509 daAuts
     D:4: 1466 daAuts
  Lair:2: 1371 daAuts
     D:6: 1351 daAuts
  Lair:1: 1300 daAuts
     D:3: 965 daAuts
     D:1: 836 daAuts
     D:2: 751 daAuts
 Ossuary: 455 daAuts
 Abyss:2: 273 daAuts
  Lair:4: 22 daAuts
